 Dungeon Crawl Stone Soup version 0.29.1-2-gbd0b4ee654 (webtiles) character file.

Game seed: 12803647754271058977

18 qeuew the Trooper (level 2, -1/37 HPs)
             Began as a Palentonga Fighter on Nov 11, 2022.
             Was a Follower of Trog.
             Slain by a gnoll
             ... wielding a +0 spear
              (3 damage)
             ... on level 2 of the Dungeon.
             The game lasted 00:01:00 (906 turns).

qeuew the Trooper (Palentonga Fighter)               Turns: 906, Time: 00:01:00

Health: -1/37      AC:  6    Str: 21    XL:     2   Next: 48%
Magic:  2/2        EV:  7    Int:  8    God:    Trog [*.....]
Gold:   84         SH:  5    Dex: 15    Spells: 1/1 levels left

rFire   . . .      SeeInvis +   a - +1 war axe
rCold   . . .      Faith    .   c - +0 buckler
rNeg    . . .      Spirit   .   b - +0 scale mail
rPois   .          Reflect  .   (no helmet)
rElec   .          Harm     .   (no cloak)
rCorr   .          Rampage  .   (no gloves)
Will    .....                   (no barding)
Stlth   ..........              (no amulet)
HPRegen 0.12/turn               l - +6 ring of dexterity
MPRegen 0.08/turn               (no ring)

@: berserking, very quick
A: large, rugged brown scales 3, see invisible, deformed body, roll 1, armoured
tail
a: Rolling Charge, Renounce Religion, Berserk


You were on level 2 of the Dungeon.
You worshipped Trog.
Trog was aware of your devotion.
You visited 1 branch of the dungeon, and saw 2 of its levels.

You collected 84 gold pieces.

Inventory:

Hand Weapons
 a - a +1 war axe (weapon)
Armour
 b - a +0 scale mail (worn)
 c - a +0 buckler (worn)
Jewellery
 l - a +6 ring of dexterity (left hand)
Potions
 d - a potion of might


   Skills:
 + Level 3.1 Fighting
 + Level 2.2 Axes
 + Level 2.5 Armour
 + Level 0.5 Dodging
 + Level 2.9 Shields


You had one spell level left.
You didn't know any spells.
Your spell library was empty.

Dungeon Overview and Level Annotations

Branches:
Dungeon (2/15)

Altars:
Trog


Innate Abilities, Weirdness & Mutations

You are completely covered in rugged brown scales. (AC +3, +7% HP)
You have supernaturally acute eyesight. (SInv)
Armour fits poorly on your strangely shaped body.
You can roll at nearby foes to attack.
You have a long armoured tail.


Message History

You feel less wooden.
Your +0 scale mail unmelds from your body.
You feel agile.
l - a +6 ring of dexterity (left hand)
You drop a potion of attraction.
(D) Dungeon
Where to? (Enter - D:1 @ (x,y), ? - help)
What level of the Dungeon? (default 1, ? - help)
You see here a +0 club.
There is a stone staircase leading down here.
You climb downwards.
The gnoll shouts! x3
Found a dagger.
There is a stone staircase leading up here.
There are monsters nearby!
The gnoll closely misses you. x2
You hit the gnoll but do no damage. You hit the gnoll.
The gnoll barely misses you.
The gnoll hits you from afar with a +0 spear.
The gnoll hits you but does no damage.
You hit the gnoll.
The gnoll is severely wounded.
You closely miss the gnoll. You barely miss the gnoll.
The gnoll hits you with a +0 spear.
The gnoll hits you from afar with a +0 spear.
The gnoll barely misses you. You block the gnoll's attack.
You hit the gnoll.
The gnoll is almost dead.
You hit the gnoll. x2; The gnoll hits you with a +0 spear.
The gnoll hits you from afar with a +0 spear.
The gnoll barely misses you. The gnoll hits you with a +0 club.
The gnoll hits you but does no damage. x2
The gnoll hits you from afar with a +0 spear.
* * * LOW HITPOINT WARNING * * *
A red film seems to cover your vision as you go berserk!
You feel yourself moving faster!
You feel mighty! The gnoll barely misses you.
The gnoll hits you with a +0 club.
* * * LOW HITPOINT WARNING * * *
The gnoll hits you from afar with a +0 spear.
You die...

### #.) #.#
##.####
#.....#
.#####.....#
.......<...#
.#####g@g..#
#g....#
##g.......
##.......
######.


You could see 4 gnolls.

Vanquished Creatures
  2 endoplasms (D:1)
  2 giant cockroaches (D:1)
  A goblin (D:1)
  2 hobgoblins (D:1)
  A kobold (D:1)
  3 quokkas (D:1)
  3 bats (D:1)
  A frilled lizard (D:1)
15 creatures vanquished.

Notes
Turn   | Place    | Note
-------+----------+-------------------------------------------
     0 | D:1      | qeuew the Palentonga Fighter began the quest for the Orb.
     0 | D:1      | Reached XP level 1. HP: 19/19 MP: 1/1
   143 | D:1      | Reached XP level 2. HP: 22/25 MP: 2/2
   296 | D:1      | Found a faded altar of an unknown god.
   404 | D:1      | Prayed at the altar of an unknown god.
   404 | D:1      | Became a worshipper of Trog the Wrathful
   404 | D:1      | Reached * piety under Trog
   906 | D:2      | Slain by a gnoll

Illustrated notes

Levels and vault maps discovered:
D:1:      onia_arrival_mini_maze_b, layout_loops_ring,
          shapermc_ecumenical_altar_petra
D:2:      layout_loops_ring, basic_altar, grunt_ministairs_10,
          uniq_crazy_yiuf_cottage

Action                   || total
-------------------------++-------
Melee: War axe           ||    37
       Tailslap          ||     3
Invok: Berserk           ||     1
  Use: Scroll            ||     4
       Potion            ||     4
Armor: Scale mail        ||    20
Dodge: Dodged            ||    25
Block: Buckler           ||     9
